 Dungeon Crawl Stone Soup version 0.31-a0-1059-g83d41fd8b6 (webtiles) character file.

Game seed: 8230428769763030006

98231 MacCMillion the Severer (level 16, -7/120 HPs)
             Began as a Ghoul Fighter on Nov 21, 2023.
             Was a High Priest of Hepliaklqana.
             Mangled by a tarantella (12 damage)
             ... on level 1 of the Spider Nest.
             The game lasted 01:00:14 (36168 turns).

MacCMillion the Severer (Ghoul Fighter)            Turns: 36168, Time: 01:00:14

Health: -7/120     AC: 25    Str: 26    XL:     16   Next: 21%
Magic:  13/15      EV:  8    Int:  5    God:    Hepliaklqana [*****.]
Gold:   1926       SH: 18    Dex: 14    Spells: 15/15 levels left

rFire   . . .        N - +3 war axe
rCold   + . .        R - +0 kite shield
rNeg    + + +        r - +8 chain mail {ponderous}
rPois   ∞            J - +1 helmet
rElec   .            K - +1 cloak
rCorr   .            (no gloves)
SInv    .            I - +0 pair of boots
Will    +....        Q - amulet of reflection Stlth
                     l - +6 ring of dexterity
HPRegen 0.00/turn    W - +4 ring of slaying
MPRegen 0.14/turn

%: reflection
@: mighty, inhibited regen, slow
A: reduced essence, claws 1, cold resistance 1, negative energy resistance 3,
inhibited regeneration, torment resistance 2, devour on kill
a: Renounce Religion, Recall Ancestor, Ancestor Identity, Transference, Idealise


You were on level 1 of the Spider Nest.
You worshipped Hepliaklqana.
Hepliaklqana was extremely pleased with you.
You visited 5 branches of the dungeon, and saw 24 of its levels.

You collected 2151 gold pieces.
You spent 225 gold pieces at shops.

Inventory:

Hand Weapons
 w - a +0 broad axe
 N - a +3 war axe (weapon)
 Y - a +4 trident
Missiles
 k - 14 poisoned darts (quivered)
 m - 30 boomerangs
 G - 3 curare-tipped darts
 O - a throwing net
Armour
 n - the +3 chain mail of Caejox {rF++ Will- Regen+ SInv}
   (You found it on level 4 of the Lair of Beasts)

   rF++:      It greatly protects you from fire.
   Will-:     It decreases your willpower.
   SInv:      It lets you see invisible.
   Regen+:    It increases your rate of health regeneration.
 r - a +8 chain mail of ponderousness (worn)
 I - a +0 pair of boots (worn)
 J - a +1 helmet (worn)
 K - a +1 cloak (worn)
 R - a +0 kite shield (worn)
Jewellery
 l - a +6 ring of dexterity (left claw)
 o - a ring of fire
 z - an amulet of faith
 A - a ring of see invisible
 E - a +6 ring of intelligence
 Q - an amulet of reflection (around neck)
 U - a ring of protection from fire
 W - a +4 ring of slaying (right claw)
Wands
 j - a wand of polymorph (8)
 y - a wand of digging (3)
 F - a wand of roots (17)
 L - a wand of charming (13)
 T - a wand of light (4)
 V - a wand of flame (54)
Scrolls
 b - 3 scrolls of amnesia
 f - 10 scrolls of identify
 i - 13 scrolls of teleportation
 p - 5 scrolls of enchant armour
 q - 2 scrolls of poison
 u - 4 scrolls of revelation
 v - 2 scrolls of enchant weapon
 C - 2 scrolls of fog
 M - 2 scrolls of noise
 S - a scroll of immolation
 Z - 3 scrolls of vulnerability
Potions
 a - a potion of ambrosia
 e - 5 potions of haste
 g - 5 potions of curing
 h - 3 potions of mutation
 s - 5 potions of brilliance
 t - 3 potions of heal wounds
 x - 8 potions of degeneration
 D - 2 potions of enlightenment
 P - a potion of magic
 X - a potion of resistance
Miscellaneous
 B - a box of beasts (inert)


   Skills:
 - Level 10.0 Fighting
 + Level 17.6 Axes
 - Level 6.0 Throwing
 - Level 10.0 Armour
 + Level 14.0 Shields
 - Level 4.0 Evocations


You had 15 spell levels left.
You didn't know any spells.
Your spell library contained the following spells:

 Spells                   Type           Power      Damage    Failure   Level
 Freeze                   Ice            0%         1d3       97%         1
 Slow                     Hex            0%         N/A       97%         1
 Blink                    Tloc           0%         N/A       99%         2
 Ensorcelled Hibernation  Hex/Ice        0%         N/A       99%         2
 Lesser Beckoning         Tloc           0%         N/A       99%         2
 Momentum Strike          Conj/Tloc      0%         3d8       99%         2
 Passwall                 Tmut/Erth      0%         N/A       99%         2
 Call Canine Familiar     Summ           0%         N/A       100%        3
 Confusing Touch          Hex            0%         N/A       100%        3
 Frozen Ramparts          Ice            0%         1d1       100%        3
 Hailstorm                Conj/Ice       0%         3d3       100%        3
 Ozocubu's Armour         Ice            0%         N/A       100%        3
 Sigil of Binding         Hex            0%         N/A       100%        3
 Swiftness                Air            0%         N/A       100%        3
 Vampiric Draining        Necr           0%         2d6       100%        3
 Animate Dead             Necr           0%         N/A       100%        4
 Dimensional Bullseye     Hex/Tloc       0%         N/A       100%        4
 Leda's Liquefaction      Hex/Erth       0%         N/A       100%        4
 Borgnjor's Vile Clutch   Necr/Erth      0%         N/A       100%        5
 Lee's Rapid Deconstruct  Erth           0%         3d4*      100%        5
 Metabolic Englaciation   Hex/Ice        0%         N/A       100%        5
 Bombard                  Conj/Erth      0%         9d1       100%        6
 Death Channel            Necr           0%         N/A       100%        6
 Simulacrum               Ice/Necr       0%         N/A       100%        6
 Haunt                    Necr/Summ      0%         N/A       100%        7
 Infestation              Necr           0%         N/A       100%        8


Dungeon Overview and Level Annotations

Branches:
Dungeon (15/15)            Temple (1/1) D:6            Lair (5/5) D:9
  Swamp (0/4) Lair:2       Spider (1/4) Lair:2        Slime (0/5) Lair:4
    Orc (2/2) D:9             Elf (0/3) Orc:2        Vaults (0/5) D:14
 Depths (0/4) D:15

Altars:
Ashenzari
Cheibriados
Dithmenos
Fedhas
Gozag
Hepliaklqana
Kikubaaqudgha
Makhleb
Nemelex Xobeh
Okawaru
Qazlal
Ru
Sif Muna
Trog
Uskayaw
Vehumet
Wu Jian
Xom
Yredelemnul
Jiyva

Shops:
D:5 [*:   D:13 :   Orc:1 [   Orc:2 (=?*

Portals:
Trove: D:15 (give +5 ice dragon scales)

Annotations:
D:6 1 runed translucent door, Crazy Yiuf
D:8 3 runed translucent doors, Azuvok's ghost, novice FoFi
D:12 3 runed translucent doors, stendehmen's ghost, novice GrFi
Spider:1 Asterion


Innate Abilities, Weirdness & Mutations

Your life essence is reduced to manifest your ancestor. (-10% HP)
You are immune to poison.
You have sharp fingernails.
Your flesh is cold resistant. (rC+)
You are immune to negative energy. (rN+++)
You do not regenerate when monsters are visible.
You are immune to unholy pain and torment.
You thrive by killing the living.


Message History

You fail to use your ability.
The redback bites Marduk-asir!
The tarantella touches Marduk-asir.
Asterion hits you with a +1 spectral demon whip!!
Asterion gores you!
The redback bites Marduk-asir but does no damage.
The tarantella touches Marduk-asir.
Marduk-asir hits Asterion with a +0 broad axe of flaming.
Marduk-asir burns Asterion.
Marduk-asir hits the tarantella with a +0 broad axe of flaming!
Marduk-asir burns the tarantella.
Marduk-asir hits the redback with a +0 broad axe of flaming!
Marduk-asir burns the redback.
Unknown command.
Select a target.
Press: ? - help, Dir - move target, f/p - redback
Aim: a redback (severely wounded, ally target)
The floor.
The redback swaps with Marduk-asir!
The redback is drained by nostalgia.
Asterion is drained by nostalgia.
Marduk-asir seems less confused.
Asterion utters an invocation to Makhleb.
You block the redback's attack. You block Asterion's attack.
Asterion gores you!
You hear a faint skittering sound.
You fail to use your ability.
The redback completely misses you. You block Asterion's attack.
Asterion gores you!
Marduk-asir closely misses the tarantella.
Marduk-asir hits the green death with a +0 broad axe of flaming!
Marduk-asir burns the green death.
Marduk-asir hits Asterion with a +0 broad axe of flaming!
Marduk-asir burns Asterion.
Marduk-asir blocks the green death's attack.
You feel very mighty all of a sudden.
Asterion conjures a destructive force in the name of Makhleb!
The bolt of lightning hits you!! x2
* * * LOW HITPOINT WARNING * * *
The bolt of lightning hits Asterion!
The bolt of lightning hits Marduk-asir!!
The tarantella touches you!
You die...

##....##..#.^#..#
##...#.........##
...##..#.#..##.#~~#
#...^......#...#.###
#..#|..#.##.....#
...#.#..........##
#.#..#...#..#.#...
....##.#..#.#.##..
..#....##@#....##..#
#.#.#..#.[#Hss#...^#
. >....##..R##.####
#..## ##..2^## #
#..[.# #..##..># #..
##...# #.) #...# ###
.#..#


You could see the friendly Marduk-asir the knight, Asterion (fast, distracted,
drained, ally target), a green death (summoned), a tarantella and a redback
(drained).

Vanquished Creatures
  A ghost moth (Spider:1)
  A dire elephant (D:15)
  Nessos (D:15)
  2 vault guards (D:14)
  8 boulder beetles
  5 hydras
  A centaur warrior (D:15)
  4 orc high priests (Orc:2)
  3 two-headed ogres
  A demonic crawler (Lair:2)
  A skyshark (Lair:3)
  A fire crab (D:9)
  6 skeletal warriors
  An orb spider (Spider:1)
  2 pharaoh ants (Spider:1)
  Pikel (D:6)
  A lindwurm (Lair:2)
  An orc knight (D:15)
  A necromancer (Orc:1)
  2 deep elf pyromancers (D:12)
  An orc sorcerer (Orc:2)
  3 wolf spiders
  6 ugly things
  5 cyclopes
  3 manticores
  An elephant (Lair:1)
  2 black mambas
  2 gargoyles (D:11)
  Joseph (D:10)
  9 cane toads
  A rime drake (Lair:4)
  An efreet (D:15)
  2 kobold demonologists
  7 komodo dragons
  6 trolls
  2 meliai (Spider:1)
  7 polar bears
  4 tarantellas (Spider:1)
  5 hornets
  12 blink frogs
  A dream sheep (Lair:5)
  2 shadows (D:11)
  A jumping spider (Spider:1)
  3 culicivoras
  7 slime creatures
  A vampire (D:13)
  21 yaks
  8 spriggans (Lair:5)
  2 wraiths
  A wyvern (D:9)
  A redback (shapeshifter) (D:15)
  3 vampire mosquitoes (D:14)
  3 basilisks
  9 redbacks
  A steam dragon (D:7)
  2 wargs (Orc:1)
  An acid dragon (D:11)
  12 water moccasins
  18 orc warriors
  A swamp drake (Lair:2)
  An ice beast (D:6)
  6 black bears
  8 boggarts
  An orc zombie (Orc:1)
  An ettin simulacrum (Orc:1)
  2 ogres (Orc:2)
  20 wolves
  5 centaurs
  A phantom (D:8)
  3 kobold brigands
  2 earth elementals (D:12)
  2 gnoll sergeants
  4 bullfrogs
  A cyclops zombie (Orc:1)
  6 wights
  10 killer bees
  3 howler monkeys
  2 jellies
  A hound (D:7)
  23 orc priests
  4 iguanas
  16 orc wizards
  16 gnolls
  3 adders
  3 white imps
  2 orc simulacra (Orc:1)
  2 orc skeletons (Orc:1)
  2 worms (D:2)
  3 dart slugs
  60 orcs
  10 ball pythons
  5 endoplasms
  5 giant cockroaches
  9 goblins
  2 hobgoblins
  3 jackals (D:4)
  2 quokkas (D:1)
  6 bats
  2 frilled lizards
  13 kobolds
  5 rats (D:2)
497 creatures vanquished.

Vanquished Creatures (collateral kills)
  Harold (D:10)
  6 vault guards (D:14)
  A hydra (D:15)
  A two-headed ogre (D:9)
  3 boulder beetles
  An ogre mage (D:11)
  2 demonic crawlers (Spider:1)
  A fire crab (Lair:4)
  A pharaoh ant (Spider:1)
  3 skeletal warriors (D:12)
  A steelbarb worm (Spider:1)
  An orc knight (Orc:2)
  A necromancer (Orc:1)
  7 ugly things
  A wolf spider (Lair:2)
  A cyclops (D:14)
  2 manticores
  2 elephants (Lair:1)
  3 cane toads
  2 rime drakes (Lair:5)
  2 komodo dragons
  2 gargoyles
  A yaktaur (shapeshifter) (D:15)
  2 trolls (D:11)
  A meliai (Spider:1)
  A tarantella (Spider:1)
  A polar bear (Lair:5)
  A dream sheep (Lair:5)
  5 blink frogs
  2 slime creatures
  3 spriggans (Lair:5)
  2 vampires
  2 culicivoras
  14 yaks
  A human (D:12)
  A basilisk (D:11)
  3 wraiths
  Grum (D:8)
  6 redbacks
  A steam dragon (D:8)
  A vampire mosquito (D:15)
  8 water moccasins
  An ice beast (D:6)
  8 orc warriors
  2 black bears
  7 wolves
  A boggart (Lair:5)
  5 centaurs
  A phantom (D:5)
  A gnoll sergeant (D:11)
  2 earth elementals
  2 bullfrogs
  A scorpion (D:6)
  2 cyclops zombies (Orc:1)
  6 wights
  A killer bee (D:7)
  2 howler monkeys
  2 jellies
  8 orc priests
  5 orc wizards
  An iguana (Lair:2)
  5 gnolls
  A white imp (D:6)
  A dart slug (D:3)
  15 orcs
  A goblin (D:4)
  5 kobolds
188 creatures vanquished.

Vanquished Creatures (others)
  A wolf spider (Spider:1)
  A shadow (D:10)
  A redback (Spider:1)
  An orc wizard (Orc:2)
  22 knights
  2 ancestors
28 creatures vanquished.

Grand Total: 713 creatures vanquished

Notes
Turn   | Place    | Note
-------+----------+-------------------------------------------
     0 | D:1      | MacCMillion the Ghoul Fighter began the quest for the Orb.
     0 | D:1      | Reached XP level 1. HP: 19/19 MP: 0/0
   137 | D:1      | Reached skill level 2 in Axes
   288 | D:1      | Reached XP level 2. HP: 26/26 MP: 1/1
  1076 | D:2      | Reached XP level 3. HP: 31/31 MP: 2/2
  1805 | D:3      | Reached XP level 4. HP: 33/38 MP: 3/3
  1839 | D:4      | Reached skill level 3 in Axes
  2113 | D:4      | You fall into a shaft and drop 2 floors!
  2113 | D:6      | Found a staircase to the Ecumenical Temple.
  2132 | Temple   | Entered the Ecumenical Temple
  2143 | Temple   | Became a worshipper of Hepliaklqana the Forgotten
  2243 | D:6      | Noticed a black bear
  2253 | D:6      | Killed a black bear
  2254 | D:6      | Reached skill level 4 in Axes
  2254 | D:6      | Reached XP level 5. HP: 38/45 MP: 4/4
  2637 | D:6      | Noticed a black bear
  2650 | D:6      | Killed a black bear
  2651 | D:6      | Reached skill level 5 in Axes
  2651 | D:6      | Reached XP level 6. HP: 44/51 MP: 5/5
  2813 | D:5      | Entered Level 5 of the Dungeon
  3137 | D:4      | Found a blossoming altar of Fedhas.
  3484 | D:3      | Reached * piety under Hepliaklqana
  4244 | D:4      | Reached XP level 7. HP: 51/51 MP: 6/6
  4265 | D:4      | Reached skill level 6 in Axes
  4465 | D:5      | Reached skill level 7 in Axes
  4562 | D:5      | Found Raprupt's Book Shop.
  4653 | D:5      | Reached ** piety under Hepliaklqana
  4654 | D:5      | Remembered your ancestor Marduk-asir as a knight
  4805 | D:5      | Reached XP level 8. HP: 54/56 MP: 7/7
  4827 | D:5      | Found a shimmering blue altar of Sif Muna.
  4865 | D:5      | Found Noag's Antique Armour Emporium.
  4938 | D:5      | Found Beso Saic's Assorted Antiques.
  5068 | D:5      | Found a shimmering altar of Xom.
  5069 | D:5      | Found a broken altar of Ashenzari.
  5294 | D:6      | Reached skill level 8 in Axes
  5464 | D:6      | Noticed Pikel
  5507 | D:6      | Killed Pikel
  5508 | D:6      | Reached skill level 10 in Axes
  5508 | D:6      | Reached XP level 9. HP: 47/63 MP: 8/8
  5832 | D:6      | Found a runed translucent door.
  5833 | D:6      | Noticed Crazy Yiuf
  6254 | D:7      | Found a snail-covered altar of Cheibriados.
  6255 | D:7      | Found a radiant altar of Vehumet.
  6680 | D:7      | Found an iron altar of Okawaru.
  6905 | D:7      | Found a burning altar of Makhleb.
  7339 | D:8      | Noticed Grum
  7376 | D:8      | Killed Grum
  7377 | D:8      | Reached skill level 5 in Fighting
  7864 | D:5      | Bought a glowing cloak for 225 gold pieces
  8236 | D:8      | Found a runed translucent gate.
  8236 | D:8      | Found a runed translucent gate.
  8236 | D:8      | Found a runed translucent gate.
  8304 | D:8      | Noticed Azuvok's ghost (novice FoFi)
  8466 | D:8      | Reached skill level 5 in Armour
  8478 | D:8      | Reached XP level 10. HP: 74/74 MP: 9/9
  9224 | D:8      | Found a shadowy altar of Dithmenos.
  9329 | D:9      | Noticed a two-headed ogre
  9393 | D:9      | Reached skill level 11 in Axes
  9613 | D:9      | Found a staircase to the Lair.
  9616 | D:9      | Noticed a fire crab
  9629 | D:9      | Killed a fire crab
  9848 | D:9      | Reached *** piety under Hepliaklqana
  9868 | D:9      | Killed a two-headed ogre
 10433 | D:9      | Reached XP level 11. HP: 75/85 MP: 10/10
 10497 | D:9      | Found a staircase to the Orcish Mines.
 10596 | D:10     | Entered Level 10 of the Dungeon
 10596 | D:10     | Noticed Harold
 10601 | D:10     | Killed Harold
 10949 | D:10     | Noticed Joseph
 11007 | D:10     | Killed Joseph
 11008 | D:10     | Reached skill level 12 in Axes
 11550 | D:10     | Noticed a sixfirhy
 12711 | D:11     | Noticed a cyclops
 12711 | D:11     | Noticed a two-headed ogre
 12772 | D:11     | Killed a two-headed ogre
 12887 | D:11     | Noticed a cyan ugly thing
 12895 | D:11     | Killed a cyan ugly thing
 13116 | D:11     | Identified the +7 shortbow of the Sheltering Gods {heavy,
                  | rC+ Str+4}
 13132 | D:11     | Killed a cyclops
 13135 | D:11     | Noticed a two-headed ogre
 13136 | D:11     | Noticed a cyclops
 13157 | D:11     | Killed a cyclops
 13158 | D:11     | Reached skill level 5 in Shields
 13652 | D:11     | Reached skill level 10 in Fighting
 13750 | D:11     | Noticed an ogre mage
 13760 | D:11     | Killed an ogre mage
 13761 | D:11     | Reached XP level 12. HP: 87/95 MP: 11/11
 14396 | D:11     | Reached skill level 1 in Evocations
 14663 | Lair:1   | Entered Level 1 of the Lair of Beasts
 14894 | Lair:1   | Noticed a boulder beetle
 16021 | Lair:1   | Reached skill level 1 in Throwing
 16036 | Lair:1   | Killed a boulder beetle
 16940 | Lair:1   | Reached skill level 5 in Throwing
 17137 | Lair:1   | Reached **** piety under Hepliaklqana
 17310 | Lair:2   | Found a hole to the Spider Nest.
 17378 | Lair:2   | Noticed a five-headed hydra
 17386 | Lair:2   | Killed a five-headed hydra
 17899 | Lair:2   | Found a staircase to the Swamp.
 18360 | Lair:3   | Noticed a skyshark
 18378 | Lair:3   | Killed a skyshark
 18379 | Lair:3   | Reached skill level 13 in Axes
 18379 | Lair:3   | Reached XP level 13. HP: 93/101 MP: 12/12
 19183 | Lair:3   | Reached ***** piety under Hepliaklqana
 20403 | Lair:4   | Identified the +3 chain mail of Caejox {rF++ Will- Regen+
                  | SInv}
 20443 | Lair:4   | Reached skill level 10 in Armour
 20458 | Lair:4   | Found a viscous altar of Jiyva.
 20458 | Lair:4   | Found a staircase to the Slime Pits.
 20912 | Lair:5   | Entered Level 5 of the Lair of Beasts
 21035 | Lair:5   | Reached skill level 14 in Axes
 21419 | Lair:5   | Reached XP level 14. HP: 97/108 MP: 13/13
 22063 | Lair:5   | Reached skill level 10 in Shields
 22464 | Lair:5   | Identified the +5 robe of the Arcane {+Inv rC- Will+ Int+3}
 22766 | Orc:1    | Entered Level 1 of the Orcish Mines
 22884 | Orc:1    | You fall into a shaft and drop 1 floor!
 22884 | Orc:2    | Entered Level 2 of the Orcish Mines
 22904 | Orc:1    | Found Ucavvel's Antique Armour Emporium.
 22915 | Orc:1    | Reached skill level 15 in Axes
 24869 | Orc:2    | Found a staircase to the Elven Halls.
 25370 | Orc:2    | Found Hufilent's Assorted Antiques.
 25370 | Orc:2    | Found Cytot's Jewellery Boutique.
 25371 | Orc:2    | Found Isteluty's Antique Weapon Boutique.
 25375 | Orc:2    | Found Tesumush's Magic Scroll Shop.
 25880 | D:12     | Noticed Sonja
 26870 | D:12     | Sonja changed into Sonja the human
 26870 | D:12     | Noticed Sonja
 26880 | D:12     | Killed Sonja the human
 27646 | D:12     | Reached XP level 15. HP: 113/113 MP: 14/14
 27684 | D:12     | Reached skill level 16 in Axes
 27977 | D:12     | Found a runed translucent gate.
 27978 | D:12     | Found a runed translucent gate.
 27978 | D:12     | Noticed an azure jelly
 27979 | D:12     | Found a runed translucent gate.
 27980 | D:12     | Noticed an azure jelly
 27980 | D:12     | Noticed an acid blob
 27981 | D:12     | Noticed stendehmen's ghost (novice GrFi)
 27981 | D:12     | Noticed an azure jelly
 27982 | D:12     | Noticed a rockslime
 28146 | D:12     | Found a viscous altar of Jiyva.
 28146 | D:12     | Noticed an azure jelly
 28166 | D:13     | Found Vybigag's Book Shoppe.
 28729 | D:13     | Reached ****** piety under Hepliaklqana
 30842 | D:14     | Found a gate to the Vaults.
 32000 | D:15     | Entered Level 15 of the Dungeon
 32279 | D:15     | Noticed Nessos
 32292 | D:15     | Killed Nessos
 32597 | D:15     | Reached skill level 17 in Axes
 32651 | D:15     | Found a portal to a secret trove of treasure.
 33145 | D:15     | Found a staircase to the Depths.
 34070 | Spider:1 | Entered Level 1 of the Spider Nest
 34884 | Spider:1 | Reached XP level 16. HP: 105/120 MP: 15/15
 35489 | Spider:1 | Noticed Asterion
 35512 | Spider:1 | HP: 4/120 [blizzard demon/freezing blast[Asterion] (9)]
 36168 | Spider:1 | HP: 5/120 [Asterion/bolt of lightning (32)]
 36168 | Spider:1 | Mangled by a tarantella

Illustrated notes

Levels and vault maps discovered:
D:1:      elethiomel_arrival_infinity_welcomes_careful_drivers,
          layout_loops_ring
D:2:      layout_loops_ring, shapermc_ecumenical_altar_mp_highgroup, hex_large
D:3:      layout_basic
D:4:      layout_basic, mainiacjoe_overflow_catwalk
D:5:      layout_loops_cross, kennysheep_little_box, minitemple, serial_shops,
          shop, nicolae_shop_back_alley_shop, shop
D:6:      layout_basic, temple_pool_b, uniq_pikel, uniq_crazy_yiuf_cottage
D:7:      layout_basic, makhleb_heckhound_becter,
          nicolae_overflow_crystal_walls, okawaru_metal_pillars_1_2,
          mainiacjoe_overflow_alcove_2, minmay_misc_feat_five
D:8:      layout_basic, grunt_dithmenos_shadows, gammafunk_ghost_icy, uniq_grum
D:9:      layout_rooms, minmay_lair_entry_lava, david_orc_4
D:10:     layout_roguey, uniq_joseph, uniq_harold
D:11:     layout_grid_maze, minmay_pinched_square
D:12:     minmay_stone_box, layout_cave_pools, gammafunk_ghost_ooze, uniq_sonja
D:13:     layout_basic, nicolae_take_the_stairs
D:14:     layout_cave_pools, erik_vaults_2, chequers_serial_rivers_micro_e
D:15:     hangedman_depths_entry_try_elsewhere_first, layout_rooms,
          small_statue_alley_a, enter_trove_0, uniq_nessos
Temple:   nicolae_temple_ecumenical_triangle
Lair:1:   hellmonk_ruined_rings, layout_hall_layers
Lair:2:   layout_big_grid, minmay_swamp_entry_reptiles, spider_nest_entry_webs,
          lemuel_fruit_tree
Lair:3:   layout_regular_city, lemuel_old_faithful
Lair:4:   layout_cave_pods, slime_entry_1, kilobyte_rumbling_trees
Lair:5:   minmay_lair_end_enchanted_forest, layout_cave_pods,
          cheibrodos_lair_lostbears, grunt_megastairs_5
Spider:1: layout_spider_delve, uniq_asterion
Orc:1:    dreamdust_under_siege, layout_caves, serial_shops, shop, basic_altar,
          minmay_orc_temple_a
Orc:2:    st_orc_mages, layout_caves

Skill      XL: |  1  2  3  4  5  6  7  8  9 10 11 12 13 14 15 16 |
---------------+-------------------------------------------------+-----
Axes           | 2 4 5 7 10 11 12 13 14 15 17 | 17.6
Shields        | 3 4 5 6 9 11 13 14 | 14.0
Armour         | 5 6 8 9 10 | 10.0
Fighting       | 6 8 10 | 10.0
Evocations     | 4 |  4.0
Throwing       | 6 |  6.0

Action                     |  1- 3 |  4- 6 |  7- 9 | 10-12 | 13-15 | 16-18 || total
---------------------------+-------+-------+-------+-------+-------+-------++-------
  Melee: War axe           |   104 |   129 |       |   443 |  1186 |   105 ||  1967
         Broad axe         |       |    29 |   179 |    54 |       |       ||   262
         Trident           |       |       |       |     3 |    58 |     6 ||    67
  Throw: Dart              |       |     1 |       |    10 |    30 |       ||    41
         Throwing net      |       |       |       |     2 |     3 |       ||     5
         Boomerang         |       |       |       |       |     4 |       ||     4
 Invoke: Ancestor Life: Kn |       |       |     1 |       |       |       ||     1
         Ancestor Identity |       |       |     1 |       |       |       ||     1
         Recall Ancestor   |       |       |       |     1 |    12 |     1 ||    14
         Transference      |       |       |       |       |     7 |     1 ||     8
         Idealise          |       |       |       |       |       |     1 ||     1
  Evoke: Wand              |       |       |       |     3 |    16 |       ||    19
         Box of beasts     |       |       |       |       |     1 |     1 ||     2
    Use: Scroll            |       |     1 |       |    21 |     8 |     3 ||    33
         Potion            |       |     1 |       |       |     2 |     3 ||     6
   Stab: Distracted        |       |       |     1 |     2 |    13 |     2 ||    18
         Held in net/web   |       |       |       |     1 |       |       ||     1
         Invisible         |       |       |       |       |     3 |       ||     3
 Armour: Scale mail        |    59 |       |       |       |       |       ||    59
         Plate armour      |    16 |    77 |       |       |       |       ||    93
         Chain mail        |       |    84 |   205 |   481 |   739 |   123 ||  1632
  Dodge: Dodged            |    46 |    57 |    91 |   178 |   237 |    40 ||   649
  Block: Buckler           |    21 |    49 |    48 |    58 |       |       ||   176
         Kite shield       |       |       |       |   174 |   941 |   161 ||  1276
         Reflection        |       |       |       |       |    34 |       ||    34

Table legend: (Time is in decaauts)
 A = Elapsed time spent in this place.
 B = Non-inter-level travel time spent in this place.
 C = Inter-level travel time spent in this place.
 D = Time resting spent in this place.
 E = Time spent auto-exploring this place.
 F = Levels seen in this place.
 G = Mean time per level.
                   A        B        C        D        E       F      G
               +--------+--------+--------+--------+--------+-----+--------+
         Total |  37534 |  35255 |   2279 |  14228 |  15738 |  24 | 1563.9 |
       Dungeon |  25181 |  23568 |   1613 |   9515 |  10599 |  15 | 1678.7 |
        Temple |     18 |     18 |      0 |      0 |      0 |   1 |   18.0 |
          Lair |   8706 |   8248 |    458 |   3260 |   3833 |   5 | 1741.2 |
   Spider Nest |    502 |    502 |      0 |    245 |     57 |   1 |  502.0 |
  Orcish Mines |   3125 |   2918 |    207 |   1208 |   1248 |   2 | 1562.5 |
               +--------+--------+--------+--------+--------+-----+--------+

Top non-repeatable levels by time:
    D:11: 4272 daAuts
     D:9: 2716 daAuts
    D:12: 2589 daAuts
  Lair:2: 2243 daAuts
     D:8: 1961 daAuts
  Lair:1: 1843 daAuts
  Lair:5: 1706 daAuts
   Orc:1: 1696 daAuts
     D:6: 1669 daAuts
    D:14: 1656 daAuts
    D:13: 1623 daAuts
  Lair:4: 1463 daAuts
  Lair:3: 1448 daAuts
   Orc:2: 1428 daAuts
     D:7: 1394 daAuts
